3423 views
Uploaded 2020-01-21 23:32:05
Game version 1.32.0.6
90:37 long 2on2 ladder game on (4)CentaurGrove
Saved by BEARAND
3423 views
Uploaded 2020-01-21 23:32:05
Game version 1.32.0.6
90:37 long 2on2 ladder game on (4)CentaurGrove


138 units @ 18.5k
/ 2.6k
68 buildings @ 11.9k
/ 5.2k
cdawg3x
(7)
(90:28) : 
| Dust of Appearance | 1 | 75 |
| Scroll of Healing | 1 | 250 |
| Potion of Lesser Invulnerability | 1 | 150 |
| Staff of Teleportation | 1 | 150 |
| Boots of Speed | 1 | 250 |
| Orb of Corruption | 1 | 375 |
| total: | 6 | 1250g |
| Wisp | 38 | 2280 | / | 0 |
| Archer | 12 | 1560 | / | 120 |
| Hippogryph | 9 | 1440 | / | 180 |
| Glaive Thrower | 1 | 210 | / | 65 |
| Druid of the Talon | 4 | 580 | / | 80 |
| Chimaera | 4 | 1320 | / | 280 |
| total: | 68 | 7390g | / | 725w |
| Ancient Protector | 8 | 1080 | / | 640 |
| Altar of Elders | 1 | 180 | / | 50 |
| Moon Well | 9 | 1620 | / | 360 |
| Ancient of War | 3 | 450 | / | 180 |
| Hunter's Hall | 2 | 420 | / | 200 |
| Tree of Life | 5 | 1700 | / | 925 |
| Ancient of Wind | 2 | 300 | / | 280 |
| Chimaera Roost | 3 | 420 | / | 570 |
| Tree of Ages | 1 | 320 | / | 180 |
| Tree of Eternity | 1 | 330 | / | 200 |
| total: | 33 | 6170g | / | 3205w |
| 0:01 | Wisp |
| 0:02 | Wisp |
| 0:08 | Altar of Elders |
| 0:09 | Wisp |
| 0:17 | Moon Well |
| 0:19 | Wisp |
| 0:39 | Ancient of War |
| 0:40 | Ancient of War |
| 0:55 | Wisp |
| 1:01 | Wisp |
| 1:10 | Moon Well |
| 1:17 | Wisp |
| 1:30 | Wisp |
| 1:41 | Archer |
| 1:41 | Archer |
| 1:43 | Wisp |
| 1:54 | Archer |
| 2:11 | Archer |
| 2:14 | Wisp |
| 2:22 | Archer |
| 2:31 | Fan of Knives |
| 2:48 | Tree of Ages |
| 3:24 | Archer |
| 3:51 | Dust of Appearance |
| 4:11 | Moon Well |
| 4:23 | Blink |
| 4:56 | Archer |
| 4:58 | Hunter's Hall |
| 5:13 | Ancient of Wind |
| 5:13 | Wisp |
| 5:14 | Wisp |
| 5:14 | Wisp |
| 5:16 | Ancient of Wind |
| 6:01 | Fan of Knives |
| 6:06 | Strength of the Moon |
| 6:07 | Improved Bows |
| 6:09 | Moon Well |
| 6:21 | Hippogryph |
| 7:00 | Wisp |
| 7:00 | Wisp |
| 7:07 | Hippogryph |
| 7:08 | Moon Well |
| 7:18 | Ancient Protector |
| 7:44 | Hippogryph |
| 8:07 | Blink |
| 8:08 | Moon Well |
| 8:12 | Ancient Protector |
| 8:14 | Ancient Protector |
| 8:16 | Wisp |
| 8:27 | Wisp |
| 8:28 | Wisp |
| 8:56 | Archer |
| 8:58 | Wisp |
| 9:04 | Moon Well |
| 9:50 | Nature's Blessing |
| 10:12 | Moon Well |
| 11:12 | Moon Well |
| 11:14 | Hippogryph |
| 11:15 | Archer |
| 11:15 | Archer |
| 11:18 | Ancient Protector |
| 11:20 | Ancient Protector |
| 11:49 | Fan of Knives |
| 12:05 | Hunter's Hall |
| 12:32 | Moon Armor |
| 13:24 | Hippogryph |
| 13:25 | Druid of the Talon Adept Training |
| 13:36 | Improved Strength of the Moon |
| 14:15 | Ancient of War |
| 14:21 | Wisp |
| 14:21 | Wisp |
| 14:21 | Wisp |
| 14:21 | Wisp |
| 15:08 | Potion of Lesser Invulnerability |
| 16:22 | Glaive Thrower |
| 17:04 | Improved Moon Armor |
| 17:17 | Archer |
| 17:58 | Scroll of Healing |
| 18:25 | Ancient Protector |
| 18:30 | Ancient Protector |
| 19:43 | Archer |
| 19:48 | Ancient Protector |
| 20:18 | Blink |
| 20:34 | Staff of Teleportation |
| 21:54 | Advanced Moon Armor |
| 21:55 | Tree of Eternity |
| 22:01 | Hippogryph |
| 22:01 | Hippogryph |
| 26:08 | Hippogryph |
| 26:10 | Hippogryph |
| 27:22 | Orb of Corruption |
| 29:37 | Tree of Life |
| 29:46 | Tree of Life |
| 31:16 | Tree of Life |
| 31:19 | Shadow Strike |
| 31:33 | Well Spring |
| 35:15 | Boots of Speed |
| 36:38 | Shadow Strike |
| 36:45 | Tree of Life |
| 38:42 | Tree of Life |
| 40:46 | Wisp |
| 40:47 | Wisp |
| 40:47 | Wisp |
| 45:51 | Wisp |
| 45:51 | Wisp |
| 45:51 | Wisp |
| 45:52 | Wisp |
| 47:11 | Druid of the Talon Master Training |
| 48:02 | Wisp |
| 48:02 | Wisp |
| 48:15 | Wisp |
| 48:35 | Mark of the Talon |
| 48:36 | Druid of the Talon |
| 50:10 | Druid of the Talon |
| 50:40 | Druid of the Talon |
| 50:41 | Druid of the Talon |
| 54:56 | Wisp |
| 54:57 | Wisp |
| 54:57 | Wisp |
| 54:57 | Wisp |
| 54:57 | Wisp |
| 59:49 | Chimaera Roost |
| 59:50 | Chimaera Roost |
| 59:50 | Chimaera Roost |
| 61:25 | Chimaera |
| 61:26 | Chimaera |
| 62:24 | Strength of the Wild |
| 62:25 | Reinforced Hides |
| 62:48 | Chimaera |
| 63:24 | Improved Strength of the Wild |
| 63:26 | Improved Reinforced Hides |
| 63:53 | Corrosive Breath |
| 66:38 | Chimaera |
| 69:56 | Shadow Strike |
| 71:13 | Ultravision |
| 71:13 | Advanced Strength of the Wild |
| 83:14 | Spirit of Vengeance |
| Right click | 6282 |
| Select group | 1307 |
| Select | 1201 |
| Chat | 617 |
| Use ability | 458 |
| Build/train/purchase | 343 |
| Assign group | 110 |
| Minimap ping | 101 |
| Misc. action | 96 |
| Resource trade | 16 |
| Item give/drop | 6 |
| Remove unit | 6 |
| Esc | 4 |


| Rod of Necromancy | 2 | 300 |
| Ritual Dagger | 1 | 125 |
| Orb of Corruption | 1 | 375 |
| Dust of Appearance | 3 | 225 |
| Scroll of Town Portal | 5 | 1750 |
| Boots of Speed | 2 | 500 |
| total: | 14 | 3275g |
| Acolyte | 32 | 2400 | / | 0 |
| Ghoul | 4 | 480 | / | 0 |
| Crypt Fiend | 11 | 2365 | / | 440 |
| Obsidian Statue | 7 | 1400 | / | 245 |
| Meat Wagon | 11 | 2530 | / | 550 |
| Frost Wyrm | 5 | 1925 | / | 600 |
| total: | 70 | 11100g | / | 1835w |
| Nerubian Tower | 1 | 100 | / | 20 |
| Spirit Tower | 13 | 1885 | / | 520 |
| Graveyard | 1 | 215 | / | 0 |
| Crypt | 1 | 200 | / | 50 |
| Altar of Darkness | 1 | 180 | / | 50 |
| Ziggurat | 20 | 3000 | / | 1000 |
| Tomb of Relics | 1 | 130 | / | 30 |
| Necropolis | 6 | 1350 | / | 0 |
| Slaughterhouse | 2 | 280 | / | 270 |
| Sacrificial Pit | 1 | 75 | / | 150 |
| Boneyard | 2 | 350 | / | 400 |
| Halls of the Dead | 1 | 320 | / | 210 |
| Black Citadel | 1 | 325 | / | 230 |
| total: | 35 | 5780g | / | 1950w |
| 0:02 | Acolyte |
| 0:02 | Acolyte |
| 0:14 | Graveyard |
| 0:18 | Crypt |
| 0:40 | Altar of Darkness |
| 0:54 | Ziggurat |
| 1:19 | Ghoul |
| 1:24 | Tomb of Relics |
| 1:46 | Crypt Fiend |
| 2:10 | Crypt Fiend |
| 2:19 | Ziggurat |
| 2:43 | Rod of Necromancy |
| 2:55 | Nerubian Tower |
| 2:56 | Death Coil |
| 3:32 | Halls of the Dead |
| 3:33 | Ghoul |
| 4:00 | Crypt Fiend |
| 4:05 | Ziggurat |
| 4:10 | Unholy Aura |
| 4:23 | Dust of Appearance |
| 4:49 | Crypt Fiend |
| 5:02 | Creature Attack |
| 5:19 | Crypt Fiend |
| 5:49 | Death Coil |
| 5:51 | Rod of Necromancy |
| 6:10 | Slaughterhouse |
| 6:41 | Burrow |
| 7:17 | Frost Nova |
| 7:39 | Crypt Fiend |
| 7:42 | Obsidian Statue |
| 7:43 | Black Citadel |
| 7:53 | Frost Armor |
| 8:07 | Ziggurat |
| 8:09 | Crypt Fiend |
| 8:30 | Ritual Dagger |
| 8:47 | Improved Creature Attack |
| 8:55 | Spirit Tower |
| 8:56 | Spirit Tower |
| 10:09 | Acolyte |
| 10:12 | Destroyer Form |
| 10:37 | Web |
| 11:05 | Obsidian Statue |
| 11:11 | Necropolis |
| 11:22 | Acolyte |
| 11:43 | Meat Wagon |
| 11:43 | Meat Wagon |
| 12:18 | Necropolis |
| 13:11 | Acolyte |
| 13:11 | Acolyte |
| 13:12 | Acolyte |
| 13:12 | Acolyte |
| 13:23 | Unholy Aura |
| 14:04 | Ziggurat |
| 14:06 | Ziggurat |
| 14:14 | Ziggurat |
| 14:29 | Meat Wagon |
| 14:44 | Ghoul |
| 14:49 | Acolyte |
| 14:49 | Acolyte |
| 14:49 | Acolyte |
| 14:50 | Acolyte |
| 15:39 | Meat Wagon |
| 15:40 | Meat Wagon |
| 16:17 | Acolyte |
| 16:17 | Acolyte |
| 16:57 | Meat Wagon |
| 17:04 | Slaughterhouse |
| 17:05 | Unholy Strength |
| 17:05 | Advanced Creature Attack |
| 17:07 | Crypt Fiend |
| 17:07 | Crypt Fiend |
| 18:17 | Obsidian Statue |
| 18:19 | Improved Unholy Strength |
| 18:22 | Ziggurat |
| 18:24 | Ziggurat |
| 18:29 | Ghoul |
| 19:04 | Frost Nova |
| 20:01 | Meat Wagon |
| 20:29 | Spirit Tower |
| 20:43 | Spirit Tower |
| 20:44 | Spirit Tower |
| 20:44 | Spirit Tower |
| 20:47 | Ziggurat |
| 20:49 | Ziggurat |
| 20:51 | Necropolis |
| 21:32 | Scroll of Town Portal |
| 21:37 | Orb of Corruption |
| 21:51 | Scroll of Town Portal |
| 22:02 | Acolyte |
| 22:06 | Spirit Tower |
| 22:06 | Spirit Tower |
| 23:50 | Obsidian Statue |
| 24:09 | Death Coil |
| 24:29 | Acolyte |
| 24:30 | Acolyte |
| 24:30 | Acolyte |
| 24:30 | Acolyte |
| 26:04 | Necropolis |
| 27:42 | Ziggurat |
| 27:47 | Ziggurat |
| 28:13 | Ziggurat |
| 28:15 | Ziggurat |
| 28:39 | Scroll of Town Portal |
| 29:22 | Acolyte |
| 29:25 | Spirit Tower |
| 30:11 | Frost Armor |
| 30:35 | Spirit Tower |
| 31:22 | Acolyte |
| 31:40 | Acolyte |
| 31:40 | Acolyte |
| 32:00 | Acolyte |
| 32:42 | Ziggurat |
| 32:46 | Ziggurat |
| 33:15 | Acolyte |
| 34:58 | Necropolis |
| 35:05 | Necropolis |
| 35:28 | Acolyte |
| 35:28 | Acolyte |
| 35:28 | Acolyte |
| 35:29 | Acolyte |
| 36:24 | Ziggurat |
| 36:40 | Ziggurat |
| 36:41 | Ziggurat |
| 36:45 | Acolyte |
| 37:56 | Advanced Unholy Strength |
| 37:58 | Crypt Fiend |
| 37:59 | Meat Wagon |
| 38:02 | Frost Nova |
| 38:05 | Obsidian Statue |
| 38:19 | Spirit Tower |
| 38:58 | Meat Wagon |
| 39:10 | Spirit Tower |
| 39:11 | Spirit Tower |
| 39:17 | Acolyte |
| 40:47 | Obsidian Statue |
| 40:49 | Creature Carapace |
| 40:51 | Crypt Fiend |
| 41:59 | Dust of Appearance |
| 42:06 | Boots of Speed |
| 42:14 | Boots of Speed |
| 42:34 | Sacrificial Pit |
| 44:10 | Meat Wagon |
| 44:10 | Improved Creature Carapace |
| 44:11 | Unholy Armor |
| 44:14 | Boneyard |
| 44:16 | Boneyard |
| 45:29 | Scroll of Town Portal |
| 45:34 | Frost Wyrm |
| 45:35 | Freezing Breath |
| 48:48 | Improved Unholy Armor |
| 48:48 | Advanced Creature Carapace |
| 50:23 | Frost Wyrm |
| 50:52 | Scroll of Town Portal |
| 51:40 | Frost Wyrm |
| 54:37 | Unholy Aura |
| 60:42 | Frost Wyrm |
| 60:53 | Dust of Appearance |
| 65:47 | Death and Decay |
| 77:52 | Animate Dead |
| 78:04 | Frost Armor |
| 80:12 | Obsidian Statue |
| 81:33 | Acolyte |
| 86:13 | Meat Wagon |
| 86:18 | Frost Wyrm |
| Right click | 8280 |
| Select group | 5118 |
| Select | 1816 |
| Build/train/purchase | 355 |
| Use ability | 231 |
| Assign group | 70 |
| Misc. action | 50 |
| Resource trade | 42 |
| Minimap ping | 31 |
| Item give/drop | 7 |
| Esc | 7 |
81 units @ 11.3k
/ 2k
205 buildings @ 13.7k
/ 7.9k
BEARAND
(90:29) : 


| Potion of Healing | 6 | 900 |
| Staff of Sanctuary | 3 | 750 |
| Potion of Mana | 2 | 400 |
| Orb of Fire | 1 | 325 |
| Boots of Speed | 3 | 750 |
| Staff of Teleportation | 3 | 450 |
| Healing Salve | 3 | 300 |
| total: | 21 | 3875g |
| Peasant | 20 | 1500 | / | 0 |
| Priest | 2 | 270 | / | 20 |
| Dragonhawk Rider | 7 | 1400 | / | 210 |
| Gryphon Rider | 4 | 1120 | / | 280 |
| Goblin Shredder | 1 | 375 | / | 100 |
| total: | 34 | 4665g | / | 610w |
| Scout Tower | 132 | 3960 | / | 2640 |
| Arcane Tower | 7 | 490 | / | 350 |
| Guard Tower | 90 | 6300 | / | 4500 |
| Altar of Kings | 3 | 540 | / | 150 |
| Farm | 12 | 960 | / | 240 |
| Lumber Mill | 1 | 120 | / | 0 |
| Town Hall | 3 | 1155 | / | 615 |
| Arcane Vault | 4 | 520 | / | 120 |
| Blacksmith | 1 | 140 | / | 60 |
| Barracks | 1 | 160 | / | 60 |
| Arcane Sanctum | 1 | 150 | / | 140 |
| Gryphon Aviary | 2 | 280 | / | 300 |
| Keep | 2 | 640 | / | 420 |
| Castle | 1 | 360 | / | 210 |
| total: | 160 | 7985g | / | 4325w |
| 0:03 | Peasant |
| 0:04 | Peasant |
| 0:07 | Altar of Kings |
| 0:10 | Farm |
| 0:14 | Peasant |
| 0:24 | Farm |
| 0:27 | Scout Tower |
| 0:28 | Peasant |
| 0:41 | Peasant |
| 0:50 | Peasant |
| 0:58 | Peasant |
| 1:07 | Lumber Mill |
| 1:21 | Peasant |
| 1:28 | Peasant |
| 1:35 | Scout Tower |
| 1:37 | Arcane Tower |
| 1:37 | Peasant |
| 1:51 | Scout Tower |
| 2:07 | Blizzard |
| 2:22 | Peasant |
| 2:23 | Peasant |
| 2:33 | Guard Tower |
| 2:36 | Peasant |
| 2:37 | Scout Tower |
| 3:04 | Peasant |
| 3:05 | Guard Tower |
| 3:06 | Improved Masonry |
| 3:08 | Scout Tower |
| 3:09 | Scout Tower |
| 3:49 | Guard Tower |
| 3:50 | Keep |
| 4:02 | Brilliance Aura |
| 4:05 | Guard Tower |
| 4:06 | Scout Tower |
| 4:07 | Scout Tower |
| 4:40 | Guard Tower |
| 4:44 | Farm |
| 4:44 | Farm |
| 4:49 | Boots of Speed |
| 5:03 | Guard Tower |
| 5:05 | Scout Tower |
| 5:17 | Staff of Teleportation |
| 5:59 | Guard Tower |
| 6:01 | Scout Tower |
| 6:02 | Scout Tower |
| 6:02 | Scout Tower |
| 6:14 | Improved Lumber Harvesting |
| 6:36 | Town Hall |
| 6:42 | Healing Salve |
| 6:47 | Scout Tower |
| 6:48 | Scout Tower |
| 6:52 | Scout Tower |
| 7:08 | Storm Bolt |
| 7:33 | Guard Tower |
| 7:34 | Guard Tower |
| 7:35 | Scout Tower |
| 7:35 | Scout Tower |
| 7:36 | Scout Tower |
| 7:36 | Scout Tower |
| 7:37 | Scout Tower |
| 7:37 | Scout Tower |
| 7:37 | Scout Tower |
| 7:38 | Scout Tower |
| 7:38 | Scout Tower |
| 7:39 | Scout Tower |
| 7:54 | Arcane Vault |
| 8:03 | Guard Tower |
| 8:04 | Guard Tower |
| 8:15 | Guard Tower |
| 8:28 | Staff of Teleportation |
| 8:35 | Guard Tower |
| 8:46 | Guard Tower |
| 8:47 | Guard Tower |
| 8:49 | Blizzard |
| 9:17 | Scout Tower |
| 9:18 | Scout Tower |
| 9:22 | Guard Tower |
| 9:22 | Guard Tower |
| 9:25 | Guard Tower |
| 9:27 | Guard Tower |
| 9:47 | Healing Salve |
| 9:51 | Guard Tower |
| 9:57 | Guard Tower |
| 9:58 | Scout Tower |
| 10:05 | Advanced Masonry |
| 10:18 | Boots of Speed |
| 10:22 | Scout Tower |
| 10:23 | Scout Tower |
| 10:23 | Scout Tower |
| 10:26 | Scout Tower |
| 10:42 | Peasant |
| 10:43 | Peasant |
| 10:43 | Peasant |
| 10:59 | Guard Tower |
| 10:59 | Scout Tower |
| 11:00 | Scout Tower |
| 11:00 | Guard Tower |
| 11:06 | Arcane Vault |
| 11:16 | Arcane Sanctum |
| 11:31 | Guard Tower |
| 11:32 | Guard Tower |
| 11:34 | Guard Tower |
| 11:35 | Guard Tower |
| 11:36 | Scout Tower |
| 11:36 | Scout Tower |
| 11:41 | Scout Tower |
| 11:42 | Scout Tower |
| 11:50 | Scout Tower |
| 11:57 | Peasant |
| 12:04 | Castle |
| 12:22 | Guard Tower |
| 12:27 | Scout Tower |
| 12:27 | Scout Tower |
| 12:44 | Magic Sentry |
| 12:45 | Priest |
| 12:47 | Scout Tower |
| 12:48 | Scout Tower |
| 12:48 | Scout Tower |
| 12:48 | Scout Tower |
| 12:49 | Scout Tower |
| 12:49 | Scout Tower |
| 12:57 | Bash |
| 13:14 | Guard Tower |
| 13:16 | Guard Tower |
| 13:17 | Scout Tower |
| 13:18 | Scout Tower |
| 13:19 | Scout Tower |
| 13:19 | Scout Tower |
| 13:31 | Scout Tower |
| 13:32 | Scout Tower |
| 13:32 | Scout Tower |
| 13:33 | Scout Tower |
| 13:34 | Guard Tower |
| 13:34 | Scout Tower |
| 13:35 | Scout Tower |
| 13:36 | Scout Tower |
| 13:36 | Scout Tower |
| 13:37 | Scout Tower |
| 13:37 | Scout Tower |
| 14:10 | Guard Tower |
| 14:12 | Guard Tower |
| 14:13 | Arcane Tower |
| 14:31 | Goblin Shredder |
| 14:46 | Arcane Vault |
| 15:42 | Guard Tower |
| 15:43 | Guard Tower |
| 15:43 | Guard Tower |
| 15:48 | Potion of Healing |
| 15:51 | Potion of Healing |
| 15:53 | Staff of Sanctuary |
| 16:24 | Guard Tower |
| 16:26 | Priest |
| 16:26 | Imbued Masonry |
| 16:28 | Guard Tower |
| 16:49 | Holy Light |
| 17:02 | Potion of Healing |
| 17:15 | Boots of Speed |
| 17:15 | Staff of Teleportation |
| 17:44 | Healing Salve |
| 17:46 | Staff of Sanctuary |
| 18:06 | Scout Tower |
| 18:17 | Scout Tower |
| 18:18 | Scout Tower |
| 18:19 | Scout Tower |
| 18:19 | Scout Tower |
| 18:41 | Guard Tower |
| 18:46 | Scout Tower |
| 18:47 | Scout Tower |
| 19:12 | Potion of Mana |
| 19:25 | Guard Tower |
| 19:43 | Guard Tower |
| 19:52 | Potion of Healing |
| 20:01 | Town Hall |
| 20:02 | Scout Tower |
| 20:03 | Scout Tower |
| 20:03 | Scout Tower |
| 20:04 | Scout Tower |
| 20:13 | Farm |
| 20:32 | Guard Tower |
| 20:41 | Guard Tower |
| 20:54 | Guard Tower |
| 21:00 | Guard Tower |
| 21:01 | Guard Tower |
| 21:02 | Guard Tower |
| 21:06 | Scout Tower |
| 21:07 | Scout Tower |
| 21:08 | Scout Tower |
| 21:19 | Advanced Lumber Harvesting |
| 21:26 | Scout Tower |
| 21:27 | Scout Tower |
| 21:27 | Scout Tower |
| 21:29 | Scout Tower |
| 21:29 | Scout Tower |
| 21:56 | Guard Tower |
| 21:58 | Peasant |
| 21:58 | Peasant |
| 22:20 | Staff of Sanctuary |
| 23:13 | Divine Shield |
| 23:21 | Brilliance Aura |
| 23:27 | Guard Tower |
| 23:27 | Guard Tower |
| 23:34 | Potion of Healing |
| 23:45 | Potion of Healing |
| 23:54 | Potion of Mana |
| 24:13 | Town Hall |
| 24:15 | Scout Tower |
| 24:15 | Scout Tower |
| 24:16 | Scout Tower |
| 24:16 | Scout Tower |
| 24:17 | Scout Tower |
| 24:17 | Scout Tower |
| 24:18 | Scout Tower |
| 24:18 | Scout Tower |
| 24:19 | Scout Tower |
| 24:19 | Scout Tower |
| 24:20 | Scout Tower |
| 24:20 | Scout Tower |
| 24:21 | Scout Tower |
| 24:21 | Scout Tower |
| 24:45 | Orb of Fire |
| 24:48 | Guard Tower |
| 24:48 | Guard Tower |
| 24:54 | Arcane Tower |
| 24:54 | Guard Tower |
| 25:13 | Guard Tower |
| 25:39 | Storm Bolt |
| 25:46 | Guard Tower |
| 25:48 | Scout Tower |
| 25:48 | Scout Tower |
| 25:49 | Scout Tower |
| 25:49 | Scout Tower |
| 25:49 | Scout Tower |
| 25:50 | Scout Tower |
| 25:50 | Scout Tower |
| 25:50 | Scout Tower |
| 26:12 | Guard Tower |
| 26:27 | Guard Tower |
| 26:41 | Guard Tower |
| 26:50 | Gryphon Aviary |
| 26:51 | Blacksmith |
| 26:52 | Barracks |
| 26:55 | Farm |
| 26:56 | Farm |
| 27:07 | Guard Tower |
| 27:49 | Guard Tower |
| 28:09 | Dragonhawk Rider |
| 28:09 | Dragonhawk Rider |
| 28:12 | Guard Tower |
| 28:45 | Scout Tower |
| 28:46 | Scout Tower |
| 28:46 | Scout Tower |
| 28:52 | Dragonhawk Rider |
| 29:34 | Dragonhawk Rider |
| 29:36 | Cloud |
| 29:37 | Animal War Training |
| 29:51 | Arcane Tower |
| 29:55 | Arcane Tower |
| 31:28 | Arcane Tower |
| 31:28 | Arcane Tower |
| 31:50 | Holy Light |
| 34:13 | Scout Tower |
| 34:13 | Scout Tower |
| 34:14 | Scout Tower |
| 34:15 | Scout Tower |
| 34:49 | Guard Tower |
| 35:14 | Guard Tower |
| 35:39 | Guard Tower |
| 36:52 | Guard Tower |
| 36:55 | Scout Tower |
| 36:56 | Scout Tower |
| 36:56 | Scout Tower |
| 36:57 | Scout Tower |
| 36:57 | Scout Tower |
| 36:58 | Scout Tower |
| 36:59 | Scout Tower |
| 36:59 | Scout Tower |
| 37:00 | Scout Tower |
| 37:00 | Scout Tower |
| 37:03 | Blizzard |
| 37:04 | Bash |
| 38:10 | Iron Forged Swords |
| 38:30 | Scout Tower |
| 38:30 | Scout Tower |
| 38:30 | Scout Tower |
| 38:31 | Scout Tower |
| 38:32 | Scout Tower |
| 38:32 | Scout Tower |
| 39:33 | Guard Tower |
| 40:06 | Altar of Kings |
| 40:30 | Guard Tower |
| 41:18 | Black Gunpowder |
| 41:29 | Guard Tower |
| 45:28 | Dragonhawk Rider |
| 45:29 | Dragonhawk Rider |
| 48:40 | Farm |
| 48:41 | Farm |
| 48:42 | Gryphon Aviary |
| 48:44 | Farm |
| 48:45 | Farm |
| 48:47 | Studded Leather Armor |
| 49:45 | Divine Shield |
| 60:15 | Scout Tower |
| 60:16 | Scout Tower |
| 60:16 | Scout Tower |
| 60:17 | Scout Tower |
| 60:18 | Scout Tower |
| 60:18 | Scout Tower |
| 60:19 | Scout Tower |
| 60:42 | Guard Tower |
| 61:30 | Guard Tower |
| 61:31 | Guard Tower |
| 61:48 | Guard Tower |
| 62:22 | Guard Tower |
| 62:29 | Guard Tower |
| 65:42 | Storm Hammers |
| 65:56 | Steel Forged Swords |
| 65:57 | Gryphon Rider |
| 65:57 | Gryphon Rider |
| 67:19 | Gryphon Rider |
| 67:19 | Gryphon Rider |
| 69:08 | Dragonhawk Rider |
| 70:37 | Altar of Kings |
| 77:35 | Storm Bolt |
| 79:53 | Avatar |
| 81:18 | Arcane Vault |
| 82:25 | Keep |
| 83:21 | Farm |
| 90:18 | Mass Teleport |
| 90:24 | Holy Light |
| Right click | 9090 |
| Select | 1987 |
| Select group | 1802 |
| Use ability | 506 |
| Build/train/purchase | 499 |
| Chat | 170 |
| Minimap ping | 58 |
| Resource trade | 36 |
| Assign group | 33 |
| Misc. action | 27 |
| Item give/drop | 8 |
| Remove unit | 5 |


| Healing Salve | 3 | 300 |
| Lesser Clarity Potion | 1 | 70 |
| Orb of Lightning | 2 | 750 |
| Boots of Speed | 2 | 500 |
| Staff of Teleportation | 2 | 300 |
| Staff of Sanctuary | 2 | 500 |
| total: | 12 | 2420g |
| Peon | 13 | 975 | / | 0 |
| Troll Batrider | 33 | 5280 | / | 1320 |
| Goblin Shredder | 1 | 375 | / | 100 |
| total: | 47 | 6630g | / | 1420w |
| Watch Tower | 33 | 3630 | / | 2640 |
| Altar of Storms | 1 | 180 | / | 50 |
| Orc Burrow | 3 | 480 | / | 120 |
| War Mill | 1 | 205 | / | 0 |
| Voodoo Lounge | 2 | 260 | / | 60 |
| Great Hall | 1 | 385 | / | 185 |
| Beastiary | 4 | 580 | / | 560 |
| Stronghold | 1 | 315 | / | 190 |
| Fortress | 1 | 325 | / | 190 |
| total: | 45 | 5720g | / | 3615w |
| 0:02 | Peon |
| 0:02 | Peon |
| 0:05 | Altar of Storms |
| 0:18 | Orc Burrow |
| 0:29 | Peon |
| 0:38 | Peon |
| 0:49 | War Mill |
| 0:53 | Peon |
| 1:08 | Voodoo Lounge |
| 1:16 | Peon |
| 1:24 | Peon |
| 1:38 | Orc Burrow |
| 1:47 | Peon |
| 2:05 | Watch Tower |
| 2:08 | Peon |
| 2:11 | Wind Walk |
| 2:14 | Healing Salve |
| 2:23 | Peon |
| 2:31 | Watch Tower |
| 2:53 | Watch Tower |
| 2:55 | Peon |
| 3:16 | Peon |
| 3:20 | Watch Tower |
| 3:23 | Watch Tower |
| 3:41 | Boots of Speed |
| 3:42 | Staff of Teleportation |
| 3:53 | Peon |
| 4:02 | Watch Tower |
| 4:18 | Voodoo Lounge |
| 4:27 | Watch Tower |
| 5:02 | Stronghold |
| 5:37 | Watch Tower |
| 5:45 | Critical Strike |
| 6:04 | Watch Tower |
| 7:06 | Watch Tower |
| 7:23 | Beastiary |
| 7:25 | Beastiary |
| 7:30 | Healing Salve |
| 7:30 | Lesser Clarity Potion |
| 7:41 | Reinforced Defenses |
| 8:08 | Orc Burrow |
| 8:49 | Boots of Speed |
| 8:49 | Staff of Teleportation |
| 8:56 | Hex |
| 8:59 | Fortress |
| 9:00 | Troll Batrider |
| 9:07 | Troll Batrider |
| 9:28 | Watch Tower |
| 10:26 | Watch Tower |
| 10:28 | Watch Tower |
| 10:29 | Watch Tower |
| 10:37 | Watch Tower |
| 11:15 | Troll Batrider |
| 11:20 | Great Hall |
| 11:22 | Liquid Fire |
| 11:36 | Watch Tower |
| 11:38 | Watch Tower |
| 11:40 | Watch Tower |
| 11:48 | Healing Salve |
| 11:54 | Spiked Barricades |
| 12:02 | Watch Tower |
| 12:20 | Troll Batrider |
| 13:09 | Beastiary |
| 13:15 | Watch Tower |
| 13:16 | Watch Tower |
| 13:19 | Watch Tower |
| 13:30 | Watch Tower |
| 13:36 | Troll Batrider |
| 13:55 | Watch Tower |
| 14:02 | Watch Tower |
| 14:03 | Watch Tower |
| 14:34 | Troll Batrider |
| 15:15 | Watch Tower |
| 15:18 | Staff of Sanctuary |
| 16:00 | Troll Batrider |
| 16:51 | Watch Tower |
| 17:24 | Orb of Lightning |
| 18:13 | Troll Batrider |
| 18:29 | Healing Wave |
| 18:39 | Goblin Shredder |
| 18:43 | Troll Batrider |
| 18:44 | Troll Batrider |
| 18:45 | Steel Ranged Weapons |
| 18:45 | Improved Spiked Barricades |
| 18:57 | Wind Walk |
| 19:18 | Watch Tower |
| 19:19 | Watch Tower |
| 19:25 | Staff of Sanctuary |
| 19:36 | Steel Armor |
| 21:32 | Troll Batrider |
| 21:39 | Orb of Lightning |
| 21:47 | Watch Tower |
| 21:49 | Watch Tower |
| 21:55 | Thorium Ranged Weapons |
| 21:57 | Troll Batrider |
| 21:58 | Troll Batrider |
| 22:12 | Beastiary |
| 26:19 | Watch Tower |
| 26:27 | Troll Batrider |
| 27:03 | Troll Batrider |
| 27:15 | Troll Batrider |
| 28:19 | Arcanite Ranged Weapons |
| 28:19 | Thorium Armor |
| 29:06 | Troll Batrider |
| 31:21 | Troll Batrider |
| 31:22 | Troll Batrider |
| 31:24 | Troll Batrider |
| 31:52 | Troll Batrider |
| 32:37 | Troll Batrider |
| 34:20 | Troll Batrider |
| 34:55 | Troll Batrider |
| 35:31 | Troll Batrider |
| 39:15 | Troll Batrider |
| 39:16 | Troll Batrider |
| 49:44 | Critical Strike |
| 50:27 | Troll Batrider |
| 53:53 | Hex |
| 71:33 | Troll Batrider |
| 71:34 | Troll Batrider |
| 71:37 | Troll Batrider |
| 71:37 | Troll Batrider |
| 71:42 | Troll Batrider |
| 77:35 | Wind Walk |
| 89:23 | Healing Wave |
| Right click | 8289 |
| Select group | 1455 |
| Select | 1232 |
| Chat | 472 |
| Misc. action | 272 |
| Use ability | 261 |
| Build/train/purchase | 254 |
| Assign group | 32 |
| Resource trade | 14 |
| Minimap ping | 8 |
| Esc | 6 |
| Remove unit | 3 |
| Item give/drop | 1 |